 Dungeon Crawl Stone Soup version 0.30.0-29-ga12c61a403 (webtiles) character file.

Game seed: 5351758168748773254

81 Cheops the Digger (level 4, -7/35 HPs)
             Began as an Armataur Earth Elementalist on June 15, 2023.
             Killed by divine providence
             ... invoked by an orc priest
              (11 damage)
             ... on level 3 of the Dungeon.
             The game lasted 00:02:33 (2349 turns).

Cheops the Digger (Armataur Earth Elementalist)     Turns: 2349, Time: 00:02:34

Health: -7/35      AC:  4    Str: 14    XL:     4   Next: 20%
Magic:  7/7        EV:  9    Int: 17    God:
Gold:   154        SH:  0    Dex: 10    Spells: 1/7 levels left

rFire   . . .        a - +2 dagger (freeze)
rCold   . . .        (no shield)
rNeg    . . .        e - +0 robe
rPois   .            (no helmet)
rElec   .            (no cloak)
rCorr   .            (no gloves)
SInv    .            (no barding)
Will    .....        l - amulet of magic regeneration
Stlth   ++           (no ring)
HPRegen 0.25/turn    (no ring)
MPRegen 0.50/turn

%: roll
@: no status effects
A: large, rugged brown scales 3, deformed body, armoured tail, roll, long
tongue, awkward tongue
a: no special abilities


You were on level 3 of the Dungeon.
You visited 1 branch of the dungeon, and saw 3 of its levels.

You collected 154 gold pieces.

Inventory:

Hand Weapons
 a - a +2 dagger of freezing (weapon)
 f - a +0 dagger
Armour
 e - a +0 robe (worn)
Magical Staves
 m - a staff of poison
Jewellery
 j - an amulet of regeneration
 l - an amulet of magic regeneration (around neck)
Scrolls
 c - 3 scrolls of teleportation {unknown}
 d - 2 scrolls of identify {unknown}
 g - a scroll of butterflies {unknown}
Potions
 b - 2 potions of magic
 h - a potion of cancellation {unknown}
 i - a potion of degeneration {unknown}
 k - a potion of flight {unknown}
 n - a potion of brilliance {unknown}


   Skills:
 - Level 1.3 Dodging
 + Level 3.3 Stealth
 - Level 2.0 Spellcasting
 - Level 0.8 Transmutations
 * Level 4.0 Earth Magic


You had one spell level left.
You knew the following spells:

 Your Spells              Type           Power      Damage    Failure   Level
a - Sandblast             Erth           30%        2d9       3%          1
b - Stone Arrow           Conj/Erth      16%        3d8       26%         3
P - Passwall              Tmut/Erth      8%         N/A       11%         2

Your spell library contained the following spells:

 Spells                   Type           Power      Damage    Failure   Level
 Beastly Appendage        Tmut           8%         N/A       14%         1
 Wereblood                Tmut           4%         N/A       21%         2
 Spider Form              Tmut/Pois      3%         N/A       43%         3
 Petrify                  Tmut/Erth      10%        N/A       56%         4


Dungeon Overview and Level Annotations

Branches:
Dungeon (3/15)

Altars:


Innate Abilities, Weirdness & Mutations

You are completely covered in rugged brown scales. (AC +3, +7% HP)
Armour fits poorly on your strangely shaped body.
You have a long armoured tail.
You roll when moving toward enemies. (Rampage)
Your long tongue fully drains potion bottles. (2x potion effects)
Your tongue gives you trouble enunciating. (1.5x scroll delay)


Message History

The kobold shouts!
Things that are here:
a +0 whip of freezing; 4 stones The orc priest invokes the aid of Beogh against you.
Pain shoots through your body!
* * * LOW HITPOINT WARNING * * *
The orc priest looks satisfied for a moment.
The kobold hits you with a +0 dagger.
* * * LOW HITPOINT WARNING * * *
The kobold attacks as you move away! The kobold hits you but does no damage.
The orc priest mumbles some strange prayers to Beogh against you.
Beogh smites you!
* * * LOW HITPOINT WARNING * * *
The orc priest begins to cast a cantrip, but forgets the words!
The giant cockroach attacks as you move away!
The giant cockroach barely misses you. The giant cockroach barely misses you.
The orc hits you with a +0 falchion.
* * * LOW HITPOINT WARNING * * *
The kobold attacks as you move away! The kobold hits you with a +0 dagger.
* * * LOW HITPOINT WARNING * * *
The orc attacks as you move away! The orc hits you with a +0 falchion.
* * * LOW HITPOINT WARNING * * *
There is a large open door here.
The orc hits you but does no damage.
There is a large open door here.
Casting: Sandblast (safe; 3% risk of failure)
Confirm with . or Enter, or press ? or * to list all spells.
Aiming: Sandblast (safe; 3% risk of failure)
Press: ? - help, Shift-Dir - straight line, f - orc
Aim: an orc, wielding a +0 falchion (fast, 82% to hit)
The blast of sand hits the orc!
You kill the orc!
The giant cockroach bites you but does no damage.
The kobold attacks as you move away! The kobold hits you but does no damage.
The giant cockroach attacks as you move away!
The giant cockroach closely misses you.
The orc priest invokes the aid of Beogh against you.
Beogh smites you!
You die...

.
+................<....#
#####.................#
..............>......#
####.............###.#
#.#+##........# # #.#
#........# #.##### ..
#........# ....... ##
###...##'#'### #.#####
#.....#@.....#
#....BK......###
#....##......'..
#####....##o.....####
.....................
..........o......###
#.......go.....########
#.........o............#
....###................#


You could see an orc priest, an orc, a giant cockroach and a kobold.

Vanquished Creatures
  2 adders (D:2)
  2 dart slugs (D:3)
  3 orcs (D:3)
  8 endoplasms
  A giant cockroach (D:2)
  4 goblins
  5 hobgoblins
  8 jackals
  2 quokkas (D:1)
  4 ball pythons
  2 bats
  A frilled lizard (D:1)
  7 kobolds
  3 rats
52 creatures vanquished.

Notes
Turn   | Place    | Note
-------+----------+-------------------------------------------
     0 | D:1      | Cheops the Armataur Earth Elementalist began the quest for
                  | the Orb.
     0 | D:1      | Reached XP level 1. HP: 14/14 MP: 3/3
     4 | D:1      | Noticed an electric eel
     5 | D:1      | Noticed an electric eel
   196 | D:1      | Reached skill level 3 in Earth Magic
   196 | D:1      | Reached XP level 2. HP: 21/21 MP: 1/5
  1254 | D:2      | Reached XP level 3. HP: 27/27 MP: 1/6
  1257 | D:2      | Learned a level 2 spell: Passwall
  1261 | D:2      | Learned a level 3 spell: Stone Arrow
  2112 | D:3      | Reached XP level 4. HP: 35/35 MP: 5/7
  2253 | D:3      | Reached skill level 4 in Earth Magic
  2349 | D:3      | Killed from afar by an orc priest

Illustrated notes

Levels and vault maps discovered:
D:1:      arrival_aquarium_b, layout_basic
D:2:      layout_loops_cross, corexii_leaking_fountain
D:3:      layout_basic, mainiacjoe_overflow_big_doors,
          nicolae_concentric_dashed_squares_wild, nicolae_half_adder

Skill      XL: |  1  2  3  4 |
---------------+-------------+-----
Spellcasting   | 2 |  2.0
Earth Magic    | 3 4 |  4.0
Stealth        | 3 |  3.3
Dodging        | |  1.3
Transmutations | |  0.8

Action                     |  1- 3 |  4- 6 || total
---------------------------+-------+-------++-------
  Melee: Dagger            |    11 |       ||    11
         Tailslap          |     1 |       ||     1
   Cast: Sandblast         |    55 |    12 ||    67
 Armour: Robe              |    15 |     6 ||    21
  Dodge: Dodged            |    20 |     3 ||    23
